Map: Eternal Empire LE

Players

NYK - Winner!

  • Race: Zerg Zerg
  • League: Grandmaster
  • Spawn Location: 7:00

NetMech

  • Race: Terran Terran
  • League: Grandmaster
  • Spawn Location: 1:00

VOD

Have the link to the VOD?

Description

Time

  • Played on: Dec. 12, 2019, 6:47 p.m.
  • Length: 10:40
Show
View Real Time Build Order
Export as new Build Order

NYK Zerg - Winner!

Build Orders: Hatch First 

Get SALT Encoding   

  12  0:00  Drone  
  13  0:12  Overlord  
  13  0:19  Drone  
  14  0:32  Drone x2  
  16  0:50  Hatchery  
  16  0:53  Drone  
  16  0:56  Drone  
  17  0:59  Drone  
  18  1:08  Extractor  
  17  1:17  Spawning Pool  
  17  1:18  Drone  
  17  1:22  Drone  
  18  1:30  Drone  
  19  1:39  Drone  
  20  1:49  Overlord  
  20  2:04  Queen x2  
  20  2:05  Zergling x4  
  26  2:10  Metabolic Boost  
  26  2:14  Drone x2  
  28  2:22  Drone  
  29  2:28  Drone  
  30  2:40  Queen  
  32  2:52  Drone, Overlord  
  32  2:55  Drone x2  
  32  2:56  Drone  
  36  3:02  Overlord  
  36  3:05  Lair  
  36  3:18  Drone x4  
  40  3:22  Extractor  
  40  3:24  Drone x3  
  42  3:30  Extractor  
  41  3:39  Overlord  
  41  3:40  Drone x2  
  43  3:49  Extractor  
  42  3:57  Roach Warren  
  42  3:59  Evolution Chamber  
  39  4:04  Drone x9  
  39  4:05  Spire  
  47  4:15  Zergling x2  
  48  4:18  Queen  
  48  4:23  Overlord  
  50  4:26  Overlord  
  50  4:40  Overlord  
  50  4:43  Drone  
  50  4:44  Drone  
  52  4:46  Drone  
  52  4:48  Drone  
  52  4:51  Hatchery  
  53  4:54  Overlord  
  53  5:08  Zergling x6  
  56  5:23  Mutalisk x3  
  56  5:24  Mutalisk  
  56  5:25  Hatchery  
  63  5:35  Queen x2  
  63  5:36  Mutalisk x3  
  63  5:46  Evolution Chamber  
  63  5:47  Mutalisk  
  63  5:48  Mutalisk, Spine Crawler  
  63  5:57  Mutalisk x3  
  67  6:09  Mutalisk  
  67  6:12  Zergling x2  
  67  6:13  Zergling x4  
  71  6:20  Mutalisk x2  
  71  6:24  Hatchery  
  74  6:35  Mutalisk  
  76  6:41  Drone  
  76  6:42  Drone  
  76  6:44  Glial Reconstitution  
  78  6:51  Overlord x2  
  78  6:52  Zergling x8  
  78  6:53  Zergling x2  
  83  7:07  Roach  
  83  7:09  Overlord  
  83  7:15  Drone x2  
  85  7:22  Roach x6  
  97  7:27  Zerg Missile Weapons Level 1, Zerg Ground Armor Level 1  
  97  7:38  Queen  
  97  7:41  Roach x3  
  97  7:42  Roach x2  
  107  7:52  Roach x3  
  107  7:53  Ravager  
  107  7:58  Overlord x2  
  114  7:59  Overlord  
  114  8:12  Overlord x2  
  114  8:16  Drone x6  
  120  8:20  Ravager x3  
  120  8:21  Ravager x2  
  120  8:24  Overlord  
  120  8:26  Overlord  
  125  8:33  Roach x3  
  131  8:39  Roach x2  
  131  8:40  Roach  
  137  8:42  Ravager  
  138  8:49  Zergling x10  
  138  8:55  Roach x3  
  149  9:06  Zergling x10  
  154  9:11  Overlord x3  
  148  9:29  Roach x8  
  150  9:38  Roach  
  150  9:39  Roach  
  150  9:41  Ravager x4  
  153  9:52  Roach x4  
  150  9:53  Roach x3  
  150  9:57  Drone  
  150  9:58  Drone x2  
  141  10:09  Zergling x2  
  141  10:10  Zergling x4  
  138  10:19  Roach  
  138  10:20  Roach x2  
  117  10:35  Extractor  
  122  10:36  Extractor  
  122  10:37  Hatchery  
Show
View Real Time Build Order
Export as new Build Order

NetMech Terran 

Build Orders: 2 Factory, Reaper Expand 

Get SALT Encoding   

  12  0:01  SCV  
  13  0:13  SCV  
  14  0:17  Supply Depot  
  14  0:25  SCV  
  15  0:36  Refinery  
  15  0:38  SCV  
  16  0:44  Barracks  
  16  0:51  SCV  
  17  1:03  SCV  
  18  1:15  SCV  
  19  1:31  Orbital Command  
  19  1:32  Reaper  
  20  1:44  Command Center  
  20  1:58  SCV  
  21  2:02  Supply Depot  
  21  2:10  SCV  
  21  2:13  Factory  
  22  2:16  Barracks Reactor  
  22  2:22  SCV  
  23  2:25  Refinery  
  23  2:34  SCV  
  24  2:48  SCV  
  25  2:56  Orbital Command  
  25  2:59  Factory  
  25  3:00  SCV  
  26  3:06  Hellion  
  26  3:07  Hellion  
  30  3:13  SCV, Barracks Tech Lab  
  31  3:23  SCV  
  31  3:25  SCV  
  33  3:28  Hellion x2  
  37  3:35  SCV, Supply Depot  
  37  3:37  SCV  
  39  3:48  SCV  
  40  3:52  Factory  
  40  3:53  SCV  
  40  4:00  Hellion x2  
  40  4:02  Cyclone, Infernal Pre-Igniter  
  47  4:04  SCV  
  47  4:07  Supply Depot  
  48  4:12  Supply Depot  
  48  4:13  SCV  
  49  4:18  SCV  
  49  4:21  Refinery  
  50  4:25  SCV  
  50  4:26  Hellion  
  53  4:31  SCV  
  53  4:38  Cyclone, Factory Tech Lab  
  55  4:40  SCV  
  56  4:46  Starport  
  56  4:47  SCV  
  56  4:48  Refinery  
  57  4:55  Hellion  
  57  4:56  SCV  
  57  4:59  Cyclone  
  63  5:02  SCV  
  63  5:03  Supply Depot  
  64  5:08  SCV  
  64  5:11  Armory  
  65  5:17  SCV  
  65  5:19  Supply Depot  
  66  5:23  Hellion x2  
  68  5:29  Hellion  
  68  5:30  Command Center  
  70  5:38  Hellion  
  70  5:42  SCV  
  71  5:45  Viking  
  71  5:46  Supply Depot  
  71  5:49  Hellion x2  
  77  5:54  Factory  
  77  5:57  SCV  
  78  5:59  Liberator  
  75  6:04  Cyclone  
  75  6:05  Engineering Bay  
  78  6:12  Cyclone  
  78  6:13  Widow Mine  
  78  6:14  Widow Mine  
  88  6:21  Terran Vehicle Weapons Level 1  
  88  6:37  Cyclone, Widow Mine  
  88  6:38  Widow Mine  
  90  6:44  Orbital Command  
  90  6:46  Missile Turret x2  
  90  7:00  Factory Tech Lab  
  89  7:02  SCV  
  89  7:03  Missile Turret  
  90  7:13  Cyclone, Missile Turret  
  90  7:14  Missile Turret  
  90  7:15  SCV x2  
  95  7:18  SCV  
  95  7:22  Widow Mine x2  
  99  7:27  SCV  
  100  7:32  Cyclone  
  100  7:34  Missile Turret  
  103  7:37  SCV  
  103  7:41  Mag-Field Accelerator  
  103  7:42  Supply Depot  
  106  7:44  Hellion  
  105  7:52  Cyclone  
  105  7:53  SCV  
  105  7:54  Orbital Command  
  105  7:58  Missile Turret  
  109  8:03  SCV  
  110  8:06  SCV  
  110  8:07  Cyclone  
  110  8:09  Hellion  
  116  8:13  Missile Turret  
  116  8:16  SCV  
  116  8:18  Terran Vehicle And Ship Armor Level 1  
  117  8:20  Missile Turret  
  117  8:23  Supply Depot  
  117  8:24  SCV x2  
  119  8:28  SCV  
  119  8:33  Medivac  
  119  8:34  Hellion  
  124  8:36  SCV  
  124  8:37  Missile Turret  
  124  8:41  Missile Turret  
  125  8:44  SCV x2  
  125  8:46  Supply Depot  
  125  8:47  Supply Depot  
  127  8:50  Siege Tank  
  127  8:51  Siege Tank  
  133  9:00  SCV x3  
  133  9:02  Siege Tank  
  139  9:08  Hellion  
  141  9:13  SCV x3  
  144  9:18  Missile Turret  
  144  9:22  Siege Tank  
  147  9:25  SCV x2  
  123  9:33  Siege Tank  
  123  9:36  Hellion, Siege Tank  
  123  9:38  Hellion  
  110  9:43  Refinery x2  
  81  9:55  Hellion  
  69  10:04  Hellion  
  69  10:05  Cyclone  
  66  10:08  Siege Tank  
  66  10:10  Hellion  
  66  10:12  SCV  
  62  10:25  SCV  
Tags
 
Add a new tag
Caveats
  • Supply blocks, unpowered buildings, or Contaminate may cause inaccurate times.
  • Supply counts are checked every 10 seconds.